 Dungeon Crawl Stone Soup version 0.13.0-29-gdb529de (webtiles) character file.

63546 Lilouch the Nimble (level 14, -4/64 HPs)
             Began as a Deep Elf Fire Elementalist on Nov 10, 2013.
             Was the Champion of Kikubaaqudgha.
             Killed from afar by a wretched star (6 damage)
             ... with an orb of energy
             ... on Level 1 of the Abyss on Nov 11, 2013.
             The game lasted 05:40:28 (28765 turns).

Lilouch the Nimble (Deep Elf Fire Elementalist)    Turns: 28765, Time: 05:40:28

HP  -4/64        AC  8     Str  3      XL: 14   Next: 63%
MP   7/35        EV 17     Int 25 (27) God: Kikubaaqudgha [******]
Gold 1466        SH 12     Dex 15      Spells:  8 memorised,  9 levels left

Res.Fire  : + + .   See Invis. : .   K - +0,+1 whip (elec)
Res.Cold  : . . .   Warding    : .   a - +2 elf leather armour {rF+}
Life Prot.: . . .   Conserve   : +   t - +1 dwarf buckler
Res.Poison: .       Res.Corr.  : .   M - +0 cap {rF+}
Res.Elec. : .       Clarity    : .   l - +0 cloak
Sust.Abil.: . .     Spirit.Shd : .   s - +2 pair of gloves
Res.Mut.  : .       Stasis     : .   (no boots)
Res.Rott. : .       Flight     : .   k - amulet of conservation
Saprovore : . . .                    O - +3 ring of intelligence
                                     f - ring of flight

@: about to teleport, somewhat resistant to hostile enchantments, very stealthy
A: blurry vision 1, deformed body, fast metabolism 1, -20% hp, screaming 1, slow
healing 1, Str -2, Int -2
a: Receive Corpses, Torment, Renounce Religion, Evoke Flight


You were on level 1 of the Abyss.
You worshipped Kikubaaqudgha.
Kikubaaqudgha was exalted by your worship.
You were not hungry.

You visited 4 branches of the dungeon, and saw 23 of its levels.
You visited the Abyss 1 time.
You also visited: Volcano.

You collected 1909 gold pieces.
You spent 463 gold pieces at shops.

Inventory:

Hand weapons
 b - a +0 elven blowgun
 J - a +0,+2 hand axe of flaming (quivered)
 K - a +0,+1 whip of electrocution (weapon)
 P - a +4,+1 spear of dragon slaying
Missiles
 x - 20 poisoned needles
 B - 7 needles of slowing
Armour
 a - a +2 elven leather armour of fire resistance (worn)
 d - a +2 cloak of preservation
 l - a +0 cloak (worn)
 s - a +2 pair of gloves (worn)
 t - a +1 dwarven buckler (worn)
 M - a +0 cap of fire resistance (worn)
Magical devices
 c - a wand of fireball (4) {unknown}
 i - a wand of digging (13)
 n - a wand of digging (14)
 r - a wand of lightning (0)
 E - a wand of cold (7)
 Z - a wand of teleportation (3) {unknown}
Comestibles
 g - a bread ration
Scrolls
 h - a scroll of teleportation
 G - a scroll of magic mapping
 V - 3 scrolls of fog
Jewellery
 f - a ring of flight (left hand)
 k - an amulet of conservation (around neck)
 q - an uncursed ring of teleport control
 v - an uncursed amulet of stasis
 O - a +3 ring of intelligence (right hand)
Magical staves
 T - an uncursed staff of death
Miscellaneous
 y - an ornate deck of defence {the Shadow}


   Skills:
 + Level 8.9 Fighting
 - Level 5.0 Armour
 + Level 13.6 Dodging
 - Level 10.6 Stealth
 - Level 5.2 Shields
 - Level 11.4 Spellcasting
 - Level 10.8 Conjurations
 - Level 7.3 Necromancy
 - Level 11.4 Fire Magic


You had 9 spell levels left.
You knew the following spells:

 Your Spells              Type           Power        Failure   Level  Hunger
a - Vampiric Draining     Necr           ######....   1%          3    None
b - Throw Flame           Conj/Fire      ######       1%          2    None
c - Conjure Flame         Conj/Fire      ######..     1%          3    None
d - Sticky Flame          Conj/Fire      ######..     1%          4    None
e - Fireball              Conj/Fire      ######....   1%          5    ###....
f - Flame Tongue          Conj/Fire      #####        1%          1    None
g - Twisted Resurrection  Necr           ######....   8%          5    ###....
h - Static Discharge      Conj/Air       #####...     1%          3    None


Dungeon Overview and Level Annotations

Branches:
Dungeon (11/27)            Temple (1/1) D:4             Orc (3/4) D:7
    Elf (0/3) Orc:3          Lair (8/8) D:9           Swamp (0/5) Lair:5
 Spider (0/5) Lair:5        Slime (0/6) Lair:6

Altars:
Cheibriados
Kikubaaqudgha
Makhleb
Okawaru
Trog
Vehumet

Shops:
D:9 *[   D:10 ?   D:11 [

Portals:
Trove: D:11 (give 2 scrolls of acquirement)

Annotations:
Orc:2 Psyche


Innate Abilities, Weirdness & Mutations

[Your vision is a little blurry.]
[Armour fits poorly on your strangely shaped body.]
[You are dopey. (Int -2)]
[You have a fast metabolism.]
[You are very frail (-20% HP).]
[You occasionally shout uncontrollably.]
[You heal slowly.]
[You are weak. (Str -2)]


Message History

The orb of energy hits you!
* * * LOW HITPOINT WARNING * * *
The orb of energy explodes!
Drink which item? (? for menu, Esc to quit)
You feel better.
Read which item? (? for menu, Esc to quit)
As you read the scroll of blinking, it crumbles to dust.
A powerful magic interferes with your control of the blink.
The power of the Abyss keeps you in your place!
Read which item? (? for menu, Esc to quit)
As you read the scroll of teleportation, it crumbles to dust.
You feel strangely unstable.
You feel the power of the Abyss delaying your translocation.
The wretched star glows turbulently.
The orb of energy hits you!
* * * LOW HITPOINT WARNING * * *
The wretched star glows turbulently.
The orb of energy hits you!
You die...
Kikubaaqudgha rasps: "You have failed me!
Welcome... death!"

. . #.. #... .##..
#.. . ..... ... ...
.... ..# .... #
#..##.##.....
#..##..##.........
...................
........@..%.......
##..##..##..........
## . #..##.*........
....................
. . ........##......
.##..##..##.# ......
...... #..##...
.....
.................. .
..∩ ........ ..


You could see a wretched star.

Vanquished Creatures
  2 large abominations
  Fannar (D:9)
  5 hydras
  Josephine (Orc:2)
  10 death yaks
  Urug (Orc:3)
  Erolcha (Orc:1)
  5 skeletal warriors (D:7)
  A deep elf knight (Volcano)
  An unseen horror (D:11)
  The ghost of BoredOne the Covert, an experienced KoAs (D:6)
  A sixfirhy (Abyss:1)
  An oklob plant (Lair:1)
  The ghost of slix the Nimble, an experienced FeMo of Fedhas (D:10)
  Joseph (D:7)
  A lindwurm (Lair:7)
  2 hill giants
  A griffon (Lair:6)
  A cyclops (D:11)
  A black mamba (Lair:1)
  10 elephants
  5 spiny frogs
  Maurice (Orc:2)
  A queen ant (Lair:8)
  A feature mimic (Lair:6)
  3 komodo dragons
  A fire drake (Lair:2)
  3 deep elf priests (Volcano)
  6 two-headed ogres (Orc:2)
  A trapdoor spider zombie (D:11)
  A basilisk (Lair:7)
  21 blink frogs
  A wraith (D:11)
  2 elephant slugs
  A neqoxec (Abyss:1)
  A merfolk (D:11)
  2 hungry ghosts
  2 deep elf fighters (Volcano)
  21 yaks
  6 wolves
  7 hippogriffs
  A hill giant skeleton (D:11)
  11 soldier ants (Lair:8)
  A manticore (D:9)
  3 necrophages
  An ice beast (D:9)
  8 porcupines
  A black bear (D:10)
  A naga (Lair:6)
  A small abomination (Lair:7)
  4 orc warriors
  2 sky beasts
  3 phantoms
  A yellow wasp (D:8)
  2 centaurs
  20 ogres
  A big kobold (D:10)
  2 wargs (Orc:3)
  14 giant frogs
  7 giant slugs
  Blork the orc (D:6)
  6 crocodiles
  15 water moccasins
  5 agate snails
  4 gnoll sergeants
  A cyclops skeleton (Orc:2)
  2 lava fish (Volcano)
  4 jellies
  A jellyfish (Lair:8)
  9 wights
  A fire bat (Volcano)
  2 quasits (D:11)
  2 electric eels (Lair:8)
  3 goliath beetles (D:11)
  2 gnoll shamans (D:6)
  4 crimson imps
  A two-headed ogre zombie (Orc:2)
  A giant frog skeleton (D:10)
  Crazy Yiuf (D:4)
  5 orc priests
  8 spiders (Lair:5)
  12 hounds
  A water moccasin skeleton (D:4)
  A centaur skeleton (D:5)
  6 iguanas
  8 orc wizards
  4 scorpions
  2 big fish (D:11)
  35 worker ants
  An ogre zombie (D:6)
  Ijyb (D:5)
  23 sheep
  A mummy (D:8)
  22 adders
  23 green rats
  2 worker ant zombies
  6 giant centipedes
  20 gnolls
  3 inept feature mimics
  5 giant mites
  5 worms
  An ufetubus (Abyss:1)
  An iguana skeleton (D:6)
  An adder skeleton (D:8)
  A giant eyeball (D:5)
  4 giant geckos
  2 oozes
  77 orcs
  A ball python (D:1)
  A giant cockroach (D:2)
  13 hobgoblins
  12 bats
  A giant newt (D:1)
  3 giant spores
  13 goblins
  A goblin simulacrum (Orc:2)
  A hobgoblin zombie (Orc:2)
  24 jackals
  24 kobolds
  An orc simulacrum (Orc:2)
  12 quokkas
  14 rats
  3 ballistomycetes
  2 crawling corpses
  4 fungi
  A macabre mass (D:11)
  A plant (Lair:3)
698 creatures vanquished.

Vanquished Creatures (collateral kills)
  A deep troll shaman (Lair:8)
  9 death yaks
  A catoblepas (Lair:8)
  2 griffons
  7 elephants
  3 spiny frogs
  2 black mambas
  A fire drake (Lair:5)
  2 komodo dragons
  A grizzly bear (Lair:8)
  2 blink frogs (Lair:8)
  2 yaks (Lair:8)
  An elephant slug (Lair:7)
  5 wolves (Lair:8)
  A hippogriff (Lair:7)
  3 soldier ants (Lair:8)
  An orc warrior (Orc:3)
  A black bear (Lair:8)
  3 giant goldfish (Lair:8)
  A naga (Lair:6)
  6 crocodiles
  2 giant slugs
  A giant frog (Lair:5)
  A jellyfish (Lair:8)
  An electric eel (Lair:8)
  A hound (Lair:5)
  2 big fish (Lair:8)
  5 worker ants (Lair:8)
  An orc wizard (Orc:3)
  4 sheep
  2 orcs (Orc:3)
  A jackal (Lair:5)
  A quokka (Lair:5)
  2 bats
  An orc skeleton (Orc:2)
  An orc zombie (Orc:2)
  A rat (Lair:5)
  4 fungi
  A plant (Lair:8)
87 creatures vanquished.

Vanquished Creatures (others)
  4 large abominations
  4 small abominations
  A water moccasin (Lair:6)
  2 giant slugs (Lair:6)
  5 crawling corpses
  15 fungi
  7 macabre masses
  2 plants (Lair:8)
40 creatures vanquished.

Grand Total: 825 creatures vanquished

Notes
Turn   | Place    | Note
--------------------------------------------------------------
     0 | D:1      | Lilouch, the Deep Elf Fire Elementalist, began the quest for the Orb.
     0 | D:1      | Reached XP level 1. HP: 10/10 MP: 4/4
   710 | D:1      | Reached XP level 2. HP: 13/15 MP: 3/7
   716 | D:1      | Learned a level 2 spell: Throw Flame
  1016 | D:2      | Reached XP level 3. HP: 19/19 MP: 5/9
  1322 | D:2      | Reached skill level 1 in Shields
  1462 | D:2      | Reached skill level 4 in Fire Magic
  1519 | D:2      | Reached XP level 4. HP: 24/24 MP: 9/13
  1929 | D:2      | Learned a level 3 spell: Conjure Flame
  2021 | D:3      | Reached XP level 5. HP: 19/28 MP: 9/16
  2228 | D:4      | Found a staircase to the Ecumenical Temple.
  2246 | Temple   | Entered the Ecumenical Temple
  2280 | Temple   | Became a worshipper of Kikubaaqudgha
  2758 | D:3      | Reached skill level 5 in Fire Magic
  2778 | D:3      | Learned a level 4 spell: Sticky Flame
  3276 | D:3      | Acquired Kikubaaqudgha's first power
  3276 | D:3      | Received a gift from Kikubaaqudgha
  3277 | D:3      | Identified Kikubaaqudgha's Catalogue of Dark Rituals (Kikubaaqudgha gifted it to you on level 3 of the Dungeon)
  3379 | D:4      | Reached XP level 6. HP: 32/32 MP: 7/19
  3695 | D:4      | Reached skill level 5 in Spellcasting
  3788 | D:4      | Found an iron altar of Okawaru.
  3788 | D:4      | Found a radiant altar of Vehumet.
  3914 | D:4      | Noticed Crazy Yiuf
  3924 | D:4      | Killed Crazy Yiuf
  4168 | D:5      | Entered Level 5 of the Dungeon
  4216 | D:5      | Noticed Ijyb
  4230 | D:5      | Killed Ijyb
  4320 | D:5      | Reached XP level 7. HP: 36/36 MP: 14/22
  4649 | D:5      | Reached skill level 6 in Spellcasting
  5070 | D:6      | Noticed BoredOne's ghost (experienced KoAs)
  5084 | D:6      | Killed BoredOne's ghost
  5084 | D:6      | Reached skill level 7 in Spellcasting
  5084 | D:6      | Reached skill level 5 in Conjurations
  5084 | D:6      | Reached XP level 8. HP: 14/41 MP: 2/25
  5565 | D:6      | Acquired Kikubaaqudgha's second power
  5616 | D:6      | Learned a level 3 spell: Vampiric Draining
  5622 | D:6      | Learned a level 5 spell: Fireball
  5624 | D:6      | Learned a level 1 spell: Flame Tongue
  5788 | D:6      | Noticed Blork the orc
  5859 | D:6      | Killed Blork the orc
  5859 | D:6      | Reached skill level 8 in Fire Magic
  6193 | D:6      | Reached XP level 9. HP: 43/45 MP: 16/27
  6330 | D:7      | Found a snail-covered altar of Cheibriados.
  6411 | D:7      | Reached skill level 9 in Fire Magic
  6579 | D:7      | Found a staircase to the Ecumenical Temple.
  6582 | D:7      | the staircase to the Ecumenical Temple was a mimic.
  6609 | D:7      | Noticed a skeletal warrior
  6609 | D:7      | Noticed a skeletal warrior
  6609 | D:7      | Noticed a skeletal warrior
  6619 | D:7      | Killed a skeletal warrior
  6625 | D:7      | Killed a skeletal warrior
  6625 | D:7      | Reached skill level 10 in Fire Magic
  6625 | D:7      | Killed a skeletal warrior
  6625 | D:7      | Reached skill level 10 in Conjurations
  6625 | D:7      | Reached XP level 10. HP: 42/50 MP: 10/28
  6676 | D:7      | Noticed a skeletal warrior
  6676 | D:7      | Noticed a skeletal warrior
  6685 | D:7      | Killed a skeletal warrior
  6685 | D:7      | Reached skill level 11 in Fire Magic
  6687 | D:7      | Killed a skeletal warrior
  6801 | D:7      | Received a gift from Kikubaaqudgha
  6802 | D:7      | Identified Kikubaaqudgha's Compendium of Unholy Rituals (Kikubaaqudgha gifted it to you on level 7 of the Dungeon)
  6803 | D:7      | Found a staircase to the Orcish Mines.
  6823 | D:7      | Learned a level 5 spell: Twisted Resurrection
  6832 | D:7      | Noticed Joseph
  6851 | D:7      | Killed Joseph
  6851 | D:7      | Reached skill level 1 in Armour
  6851 | D:7      | Reached skill level 1 in Necromancy
  7918 | D:8      | Found a bloodstained altar of Trog.
  8018 | D:8      | Got a bloodstained helmet
  8022 | D:8      | Identified the -3 helmet of Beyond {Int-3 Dam-5} (You found it on level 8 of the Dungeon)
  8611 | D:9      | Found Granunuy's Antique Armour Emporium.
  8611 | D:9      | Found a staircase to the Lair.
  8628 | D:9      | Bought a sheer robe for 159 gold pieces
  8628 | D:9      | Bought a silk robe for 159 gold pieces
  8642 | Lair:1   | Entered Level 1 of the Lair of Beasts
  8642 | Lair:1   | Noticed Fannar
  8670 | D:9      | Identified the +2 robe of Womex {rC+} (You bought it in a shop on level 9 of the Dungeon)
  8677 | D:9      | Identified the cursed +0 robe of the Iron Devil {Stlth--} (You bought it in a shop on level 9 of the Dungeon)
  9425 | D:9      | Found Ahadiuz's General Store.
  9434 | D:9      | Bought a scroll of identify for 24 gold pieces
  9434 | D:9      | Bought a scroll of fog for 24 gold pieces
  9478 | D:9      | Noticed a hill giant
  9489 | D:9      | Killed a hill giant
  9489 | D:9      | Reached XP level 11. HP: 54/54 MP: 12/30
  9729 | D:10     | Entered Level 10 of the Dungeon
  9765 | D:10     | Found Mighurhi's Magic Scroll Emporium.
  9776 | D:10     | Bought a scroll of identify for 26 gold pieces
  9776 | D:10     | Bought a scroll of curse weapon for 26 gold pieces
  9776 | D:10     | Bought a scroll of magic mapping for 45 gold pieces
  9884 | D:10     | Acquired Kikubaaqudgha's third power
  9954 | D:10     | Noticed slix's ghost (experienced FeMo)
  9966 | D:10     | Killed slix's ghost
  9966 | D:10     | Reached skill level 5 in Armour
 10328 | D:10     | Reached skill level 5 in Necromancy
 11253 | D:11     | Found a portal to a secret trove of treasure.
 11372 | D:11     | Killed an unseen horror
 11414 | D:11     | Noticed a hill giant
 11414 | D:11     | Reached skill level 10 in Spellcasting
 11422 | D:11     | Killed a hill giant
 11867 | D:11     | Found Dewum's Armour Boutique.
 12730 | D:9      | Killed Fannar
 13072 | Lair:1   | Noticed a black mamba
 13079 | Lair:1   | Killed a black mamba
 13390 | Lair:1   | Reached XP level 12. HP: 59/59 MP: 11/33
 13484 | Lair:1   | Noticed an oklob plant
 13516 | Lair:1   | Killed an oklob plant
 14147 | Lair:2   | Acquired Kikubaaqudgha's fourth power
 14291 | Lair:2   | Reached skill level 5 in Stealth
 14384 | Lair:2   | Noticed a seven-headed hydra
 14406 | Lair:2   | Killed a seven-headed hydra
 14406 | Lair:2   | Reached skill level 5 in Dodging
 15162 | Lair:2   | Reached skill level 5 in Shields
 15789 | Lair:3   | Noticed an eight-headed hydra
 15999 | Lair:3   | Learned a level 3 spell: Static Discharge
 16102 | Lair:3   | Reached skill level 1 in Fighting
 16437 | Lair:3   | Killed an eight-headed hydra
 17108 | Lair:4   | Noticed an eight-headed hydra
 17278 | Lair:4   | Killed an eight-headed hydra
 17677 | Lair:5   | Found a hole to the Spider Nest.
 17970 | Lair:5   | Found a dark tunnel.
 18095 | Volcano  | Entered a volcano
 18502 | Volcano  | Found a bloodstained altar of Trog.
 19262 | Lair:5   | Reached XP level 13. HP: 67/67 MP: 10/34
 20338 | Lair:5   | Found a staircase to the Swamp.
 20649 | Lair:6   | Found a staircase to the Snake Pit.
 20680 | Lair:6   | the staircase to the Snake Pit was a mimic.
 20693 | Lair:6   | Reached skill level 10 in Stealth
 21529 | Lair:6   | Found a staircase to the Slime Pits.
 21802 | Lair:6   | Reached skill level 5 in Fighting
 21821 | Lair:6   | Reached skill level 10 in Dodging
 22642 | Lair:8   | Entered Level 8 of the Lair of Beasts
 24464 | Lair:7   | Reached XP level 14. HP: 60/77 MP: 20/35
 25075 | Lair:8   | Reached skill level 12 in Dodging
 26704 | Lair:1   | Lilouch: oyasuminasai, mata ashita
 26778 | Orc:1    | Entered Level 1 of the Orcish Mines
 26808 | Orc:1    | Reached skill level 13 in Dodging
 26895 | Orc:1    | Noticed Erolcha
 26901 | Orc:1    | Killed Erolcha
 26992 | Orc:2    | Noticed Josephine
 26997 | Orc:2    | Killed Josephine
 27228 | Orc:2    | Noticed Maurice
 27238 | Orc:2    | Killed Maurice
 28138 | Orc:3    | Noticed an orc warlord
 28158 | Orc:3    | Noticed Urug
 28160 | Orc:3    | Found a staircase to the Elven Halls.
 28184 | Orc:3    | Killed Urug
 28231 | Orc:3    | Found a radiant altar of Vehumet.
 28681 | Orc:2    | Noticed Psyche
 28693 | Orc:2    | Cast into the Abyss (Psyche)
 28693 | Abyss:1  | Found a corrupted altar of Lugonu.
 28759 | Abyss:1  | HP: 3/64 [wretched star/orb of energy (31)]
 28764 | Abyss:1  | HP: 2/64 [wretched star/orb of energy (12)]
 28765 | Abyss:1  | Killed from afar by a wretched star

Action                   |  1- 3 |  4- 6 |  7- 9 | 10-12 | 13-15 || total
-------------------------+-------+-------+-------+-------+-------++-------
Melee: Unarmed           |     1 |       |       |     1 |    14 ||    16
       Spear             |       |    17 |     1 |   112 |       ||   130
       Whip              |       |       |    23 |    99 |   323 ||   445
       Dagger            |       |       |       |     2 |       ||     2
       Staff             |       |       |       |    33 |       ||    33
 Fire: Sling             |       |     3 |       |       |       ||     3
       Blowgun           |       |       |       |       |     3 ||     3
Throw: Stone             |    15 |       |       |       |       ||    15
       Dagger            |     5 |     1 |       |       |       ||     6
       Spear             |       |       |     1 |       |       ||     1
 Cast: Flame Tongue      |    62 |   118 |    73 |   355 |   230 ||   838
       Throw Flame       |     3 |    33 |    25 |   158 |   160 ||   379
       Conjure Flame     |       |    12 |    23 |    80 |    46 ||   161
       Sticky Flame      |       |     3 |     8 |    48 |    48 ||   107
       Fireball          |       |       |     9 |    59 |    68 ||   136
       Vampiric Draining |       |       |     1 |    28 |    24 ||    53
       Twisted Resurrect |       |       |       |     4 |    44 ||    48
       Static Discharge  |       |       |       |       |     2 ||     2
Invok: Receive Corpses   |       |       |       |     1 |       ||     1
 Abil: Evoke Teleport Co |       |       |       |     1 |       ||     1
Evoke: Wand              |       |       |       |    23 |    12 ||    35
       Miscellaneous     |       |       |       |     1 |       ||     1
  Use: Scroll            |       |       |    11 |    16 |     7 ||    34
       Potion            |       |       |     1 |     4 |    10 ||    15
 Stab: Sleeping          |       |       |       |     1 |       ||     1
